Map: Ever Dream LE

Players

Astrea

  • Race: Protoss Protoss
  • League: Master
  • Spawn Location: 1:00

Robbie (Rob) - Winner!

  • Race: Protoss Protoss
  • League: Grandmaster
  • Spawn Location: 7:00

Event: DreamHack SC2 Masters 2020 Fall

VOD

Have the link to the VOD?

Description

Time

  • Played on: Sept. 6, 2020, 3:55 p.m.
  • Length: 3:41

All games in this series

Show
View Real Time Build Order
Export as new Build Order

Astrea Protoss 

Build Orders:  

Get SALT Encoding   

  12  0:00  Probe  
  13  0:12  Probe  
  14  0:17  Pylon  
  14  0:24  Probe (Chrono Boost)  
  15  0:36  Gateway, Probe (Chrono Boost)  
  16  0:44  Probe (Chrono Boost)  
  16  0:45  Assimilator  
  17  0:51  Probe  
  17  0:54  Assimilator  
  18  1:03  Probe  
  19  1:12  Forge  
  20  1:22  Zealot (Chrono Boost)  
  21  1:28  Pylon  
  21  1:36  Pylon  
  21  1:46  Probe  
  22  1:56  Photon Cannon  
  22  1:59  Photon Cannon  
  22  2:03  Photon Cannon  
  22  2:14  Pylon  
  22  2:19  Cybernetics Core  
  22  2:33  Probe  
  21  2:38  Photon Cannon  
  21  2:44  Photon Cannon  
  21  2:56  Photon Cannon  
  17  3:12  Gateway  
  17  3:14  Probe  
  17  3:19  Pylon  
  18  3:25  Shield Battery  
  19  3:39  Robotics Facility  
Show
View Real Time Build Order
Export as new Build Order

Robbie Protoss - Winner!

Build Orders: Cannon Rush 

Get SALT Encoding   

  12  0:00  Probe  
  13  0:12  Probe  
  14  0:18  Pylon  
  14  0:24  Probe (Chrono Boost)  
  15  0:38  Forge, Probe (Chrono Boost)  
  16  1:00  Pylon  
  16  1:02  Pylon  
  16  1:04  Pylon  
  16  1:22  Photon Cannon  
  16  1:24  Photon Cannon  
  16  1:34  Photon Cannon  
  16  1:40  Pylon  
  15  1:55  Photon Cannon  
  15  2:02  Photon Cannon  
  15  2:07  Photon Cannon  
  15  2:13  Photon Cannon  
  15  2:23  Photon Cannon  
  15  2:25  Photon Cannon  
  15  2:29  Photon Cannon  
  15  2:39  Photon Cannon  
  14  2:50  Photon Cannon  
  14  2:56  Photon Cannon  
  14  2:58  Probe  
  14  3:10  Probe  
  15  3:17  Gateway  
  15  3:22  Probe (Chrono Boost)  
  15  3:26  Assimilator  
  16  3:32  Probe (Chrono Boost)  

Tags
 
Add a new tag
Caveats
  • Supply blocks, unpowered buildings, or Contaminate may cause inaccurate times.
  • Supply counts are checked every 10 seconds.